 Dungeon Crawl Stone Soup version 0.23-a0-655-g3751e1c (webtiles) character file.

16 galech the Skirmisher (level 2, 0/24 HPs)
             Began as a Demonspawn Fighter on Jan 7, 2019.
             Slain by a jackal (1 damage)
             ... on level 1 of the Dungeon.
             The game lasted 00:00:27 (194 turns).

galech the Skirmisher (Demonspawn Fighter)           Turns: 194, Time: 00:00:28

Health: 0/24       AC:  6    Str: 16    XL:     2   Next: 37%
Magic:  2/2        EV:  7    Int:  9    God:
Gold:   21         SH:  8    Dex: 12    Spells: 1/1 levels left

rFire    . . .     SeeInvis .   a - +0 war axe
rCold    . . .     Gourm    .   c - +0 shield
rNeg     . . .     Faith    .   b - +0 scale mail
rPois    .         Spirit   .   (no helmet)
rElec    .         Reflect  .   (no cloak)
rCorr    .         Harm     .   (no gloves)
MR       .....                  (no boots)
Stlth    ..........             (no amulet)
HPRegen  0.08/turn              i - ring of attention (curse)
MPRegen  0.08/turn              (no ring)

@: no status effects
A: sturdy frame 1
a: no special abilities


You were on level 1 of the Dungeon.
You were not hungry.

You visited 1 branch of the dungeon, and saw 1 of its levels.

You collected 21 gold pieces.

Inventory:

Hand Weapons
 a - a +0 war axe (weapon)
Armour
 b - a +0 scale mail (worn)
 c - a +0 shield (worn)
Jewellery
 i - a cursed ring of attention (left hand)
Potions
 d - a potion of might
 e - a potion of haste {unknown}
 h - 2 potions of mutation {unknown}
 j - a potion of ambrosia {unknown}
Comestibles
 f - 2 rations
 g - 5 chunks of flesh


   Skills:
 + Level 3.2 Fighting
 + Level 1.9 Axes
 + Level 2.9 Armour
 + Level 2.9 Shields


You had one spell level left.
You didn't know any spells.
Your spell library was empty.

Dungeon Overview and Level Annotations

Branches:
Dungeon (1/15)

Altars:


Innate Abilities, Weirdness & Mutations

Your movements are slightly less encumbered by armour. (ER -2)


Message History

The leopard gecko bites you.
* * * LOW HITPOINT WARNING * * *
You block the jackal's attack. You block the leopard gecko's attack.
The leopard gecko bites you.
* * * LOW HITPOINT WARNING * * *
The jackal bites you but does no damage.
The leopard gecko barely misses you. You block the jackal's attack.
You barely miss the jackal. You block the jackal's attack.
The jackal closely misses you.
You barely miss the jackal. You hit the leopard gecko.
You kill the leopard gecko!
The jackal barely misses you.
The jackal bites you but does no damage.
You barely miss the jackal. The jackal bites you.
* * * LOW HITPOINT WARNING * * *
The jackal completely misses you.
You barely miss the jackal. You block the jackal's attack.
The jackal bites you.
You die...

#....##.<..# ##...# ##.##
#....##...## ..+.#.# #...#
#.........# #..###.# #†..#
#........###...#.#.# #...#
#....#...# ....#.#.###...#
#....#..###...##.#..##...#
#.......##....#..##......#
###..#...###...###.........#
....... #@...##...###....#
....... ###h.##.....##....#
.......###....##.÷....#.####
.......†...l............#
........................#
........................#
........................#
...........(............#
........................#


You could see a jackal.

Vanquished Creatures
  A dart slug (D:1)
  A leopard gecko (D:1)
  3 bats (D:1)
  2 hobgoblins (D:1)
  3 jackals (D:1)
  A kobold (D:1)
  A rat (D:1)
12 creatures vanquished.

Notes
Turn   | Place    | Note
-------+----------+-------------------------------------------
     0 | D:1      | galech the Demonspawn Fighter began the quest for the Orb.
     0 | D:1      | Reached XP level 1. HP: 18/18 MP: 1/1
   119 | D:1      | Gained mutation: Your movements are slightly less
                  | encumbered by armour. (ER -2) [demonic ancestry]
   119 | D:1      | Reached XP level 2. HP: 23/24 MP: 2/2
   193 | D:1      | HP: 1/24 [jackal (2)]
   194 | D:1      | Slain by a jackal

Vault maps used:
D:1:      dpeg_arrival_long_road

Action                   || total
-------------------------++-------
Melee: War axe           ||    37
Armor: Scale mail        ||    27
Dodge: Dodged            ||    27
Block: Shield            ||    29

Table legend:
 A = Non-vault XP
 B = Vault XP
 C = Vault XP percentage of total XP
 D = Non-vault monster count
 E = Vault monster count
 F = Vault count percentage of total count
                 A         B        C        D         E       F
            +---------+---------+-------+---------+---------+-------
      Total |      23 |       0 |   0.0 |      12 |       0 |   0.0
            +---------+---------+-------+---------+---------+-------
        D:1 |      23 |       0 |   0.0 |      12 |       0 |   0.0
            +---------+---------+-------+---------+---------+-------
